PBL
BROCKTON ROX @ NEW JERSEY DEVILS
08/24/2047
 
TOP OF THE 1ST
Brockton Rox batting - Pitching for New Jersey Devils : RHP Dan Mathews
Pitching: RHP Dan Mathews
Batting: LHB Kien-lung Zou 0-0: Swinging Strike
0-1: Foul Ball, location: 2F
0-2: Ball
1-2: Foul Ball, location: 2F
1-2: Ball
2-2: Ball
3-2: Base on Balls
Batting: SHB Jose Santiago 0-0: Fly out, F8 (Flyball, 8RD, EV 96.9 MPH)
Batting: RHB Kirk Cully 0-0: Ball
1-0: Ball
2-0: Foul Ball, location: 2F
2-1: SINGLE (Line Drive, 6D, EV 94.4 MPH)
Kien-lung Zou to second
Runner from 2nd tries for 3rd, OUT! 8-5
Batting: SHB Arihito Hiramoto 0-0: Ball
Kirk Cully is caught stealing 2nd base 2-6
Top of the 1st over - 0 runs, 1 hit, 0 errors, 0 left on base; Brockton 0 - New Jersey 0
BOTTOM OF THE 1ST
New Jersey Devils batting - Pitching for Brockton Rox : LHP Tara Kawashima
Pitching: LHP Tara Kawashima
Batting: SHB Tyler Maddux 0-0: Ball
1-0: Reached on error, E6 (Groundball, 6, EV 83.1 MPH)
Batting: LHB Randolph Brodbeck 0-0: Foul Ball, location: 2F
0-1: Ball
Tyler Maddux is caught stealing 2nd base 2-6
1-1: Foul Ball, location: 2F
1-2: Fly out, F8 (Line Drive, 8RD, EV 88.8 MPH)
Batting: RHB Chris Artz 0-0: Ground out 4-3 (Groundball, 6M, EV 85.6 MPH)
Bottom of the 1st over - 0 runs, 0 hits, 1 error, 0 left on base; Brockton 0 - New Jersey 0
TOP OF THE 2ND
Brockton Rox batting - Pitching for New Jersey Devils : RHP Dan Mathews
Batting: SHB Arihito Hiramoto 0-0: Called Strike
0-1: Fly out, F7 (Flyball, 78S, EV 93.1 MPH)
Batting: SHB Matsudaira Ikeda 0-0: Called Strike
0-1: Swinging Strike
0-2: Foul Ball, location: 2F
0-2: Foul Ball, location: 2F
0-2: Ball
1-2: Ball
2-2: Strikes out swinging
Batting: RHB Estevan Carrillo 0-0: Ball
1-0: Foul Ball, location: 2F
1-1: Ground out 4-3 (Groundball, 34, EV 86.2 MPH)
Top of the 2nd over - 0 runs, 0 hits, 0 errors, 0 left on base; Brockton 0 - New Jersey 0
BOTTOM OF THE 2ND
New Jersey Devils batting - Pitching for Brockton Rox : LHP Tara Kawashima
Batting: RHB Jim Freels 0-0: Foul Ball, location: 2F
0-1: Ball
1-1: Foul Ball, location: 2F
1-2: Foul Ball, location: 2F
1-2: Foul Ball, location: 2F
1-2: Ground out 3-1 (Groundball, 34, EV 81.9 MPH)
Batting: RHB Craig Alvarado 0-0: Ball
1-0: Called Strike
1-1: Ball
2-1: Ball
3-1: Base on Balls
Batting: RHB Bill Crogan 0-0: Ball
1-0: Ball
2-0: Ball
3-0: Called Strike
3-1: Base on Balls
Craig Alvarado to second
Batting: SHB Ernesto Mazas 0-0: Ball
1-0: Ball
2-0: Reached on error, E3 (Groundball, 34, EV 82.5 MPH)
Craig Alvarado to third
Bill Crogan to second
Batting: RHB Eric Zylstra 0-0: Called Strike
0-1: Ball
1-1: Fly out, F8 (Flyball, 89D, EV 95.0 MPH)
Runner from 3rd tags up, SCORES, throw by CF
Bill Crogan to third
Batting: RHB Carlos Saldivar 0-0: Called Strike
Pickoff Throw by Catcher to First - Out!
Bottom of the 2nd over - 1 run, 0 hits, 1 error, 1 left on base; Brockton 0 - New Jersey 1
TOP OF THE 3RD
Brockton Rox batting - Pitching for New Jersey Devils : RHP Dan Mathews
Batting: RHB Panam Palmer 0-0: Ball
1-0: DOUBLE (Line Drive, 5D, EV 98.8 MPH)
Batting: SHB Mel Gonzalez 0-0: Ball
1-0: Foul Ball, location: 2F
1-1: Called Strike
1-2: Strikes out swinging
Batting: LHB Isaiah Spitzbarth 0-0: Called Strike
0-1: Ball
1-1: Swinging Strike
1-2: Ball
2-2: Strikes out swinging
Batting: LHB Kien-lung Zou 0-0: Called Strike
0-1: Called Strike
0-2: Ground out 4-3 (Groundball, 4, EV 78.8 MPH)
Top of the 3rd over - 0 runs, 1 hit, 0 errors, 1 left on base; Brockton 0 - New Jersey 1
BOTTOM OF THE 3RD
New Jersey Devils batting - Pitching for Brockton Rox : LHP Tara Kawashima
Batting: RHB Carlos Saldivar 0-0: SINGLE (Line Drive, 3D, EV 108.8 MPH)
Batting: SHB Tyler Maddux 0-0: Foul Ball, location: 2F
0-1: Swinging Strike
0-2: Ball
1-2: Ball
2-2: Foul Ball, location: 2F
2-2: Ball
3-2: SINGLE (Flyball, 9, EV 95.6 MPH)
Carlos Saldivar to second
Carlos Saldivar to third
Batting: LHB Randolph Brodbeck 0-0: Ball
1-0: Fielders Choice at 2nd, 1-6 (Groundball, 34S, EV 71.2 MPH)
Batting: RHB Chris Artz Pickoff Throw to First - Out! 1-3
0-0: Foul Ball, location: 2F
0-1: SINGLE (Groundball, 56D, EV 103.1 MPH)
Carlos Saldivar scores
Batting: RHB Jim Freels 0-0: Called Strike
0-1: Ball
1-1: Foul Ball, location: 2F
1-2: Ball
2-2: Ground out 5-3 (Groundball, 5S, EV 82.5 MPH)
Bottom of the 3rd over - 1 run, 3 hits, 0 errors, 1 left on base; Brockton 0 - New Jersey 2
TOP OF THE 4TH
Brockton Rox batting - Pitching for New Jersey Devils : RHP Dan Mathews
Batting: SHB Jose Santiago 0-0: Ball
1-0: Called Strike
1-1: Ground out 6-3 (Groundball, 6, EV 80.6 MPH)
Batting: RHB Kirk Cully 0-0: Called Strike
0-1: Ball
1-1: Foul Ball, location: 2F
1-2: Strikes out swinging
Batting: SHB Arihito Hiramoto 0-0: Swinging Strike
0-1: Foul Ball, location: 2F
0-2: Ball
1-2: Strikes out looking
Top of the 4th over - 0 runs, 0 hits, 0 errors, 0 left on base; Brockton 0 - New Jersey 2
BOTTOM OF THE 4TH
New Jersey Devils batting - Pitching for Brockton Rox : LHP Tara Kawashima
Batting: RHB Craig Alvarado 0-0: Ball
1-0: Called Strike
1-1: Ball
2-1: Ball
3-1: Swinging Strike
3-2: Strikes out swinging
Batting: RHB Bill Crogan 0-0: Ball
1-0: Ball
2-0: Ball
3-0: Ground out 5-3 (Groundball, 15, EV 78.8 MPH)
Batting: SHB Ernesto Mazas 0-0: SOLO HOME RUN (Line Drive, 78XD, EV 105.6 MPH), Distance : 416 ft
Batting: RHB Eric Zylstra 0-0: Called Strike
0-1: Ball
1-1: Swinging Strike
1-2: Ball
2-2: Strikes out swinging
Bottom of the 4th over - 1 run, 1 hit, 0 errors, 0 left on base; Brockton 0 - New Jersey 3
TOP OF THE 5TH
Brockton Rox batting - Pitching for New Jersey Devils : RHP Dan Mathews
Batting: SHB Matsudaira Ikeda 0-0: Ground out 6-3 (Groundball, 6S, EV 83.1 MPH)
Batting: RHB Estevan Carrillo 0-0: Ball
1-0: Called Strike
1-1: Swinging Strike
1-2: Strikes out swinging
Batting: RHB Panam Palmer 0-0: Called Strike
0-1: Swinging Strike
0-2: Ball
1-2: Strikes out looking
Top of the 5th over - 0 runs, 0 hits, 0 errors, 0 left on base; Brockton 0 - New Jersey 3
BOTTOM OF THE 5TH
New Jersey Devils batting - Pitching for Brockton Rox : LHP Tara Kawashima
Batting: RHB Carlos Saldivar 0-0: Fly out, F9 (Flyball, 89S, EV 94.4 MPH)
Batting: SHB Tyler Maddux 0-0: Called Strike
0-1: SOLO HOME RUN (Flyball, 9LD, EV 97.5 MPH), Distance : 356 ft
Batting: LHB Randolph Brodbeck 0-0: Ground out 4-3 (Groundball, 4, EV 100.6 MPH)
Batting: RHB Chris Artz 0-0: Called Strike
0-1: Ball
1-1: Ball
2-1: Foul Ball, location: 2F
2-2: Strikes out swinging
Bottom of the 5th over - 1 run, 1 hit, 0 errors, 0 left on base; Brockton 0 - New Jersey 4
TOP OF THE 6TH
Brockton Rox batting - Pitching for New Jersey Devils : RHP Dan Mathews
Batting: SHB Mel Gonzalez 0-0: Ground out 4-3 (Groundball, 4, EV 103.1 MPH)
Batting: LHB Isaiah Spitzbarth 0-0: Called Strike
0-1: Foul Ball, location: 2F
0-2: Strikes out swinging
Batting: LHB Kien-lung Zou 0-0: Called Strike
0-1: Ball
1-1: Called Strike
1-2: Ground out 4-3 (Groundball, 4, EV 86.9 MPH)
Top of the 6th over - 0 runs, 0 hits, 0 errors, 0 left on base; Brockton 0 - New Jersey 4
BOTTOM OF THE 6TH
New Jersey Devils batting - Pitching for Brockton Rox : LHP Tara Kawashima
Batting: RHB Jim Freels 0-0: Called Strike
0-1: Ball
1-1: Ground out 6-3 (Groundball, 6D, EV 78.1 MPH)
Batting: RHB Craig Alvarado 0-0: Ball
1-0: Called Strike
1-1: Foul Ball, location: 2F
1-2: Foul Ball, location: 2F
1-2: Ball
2-2: Ground out 6-3 (Groundball, 6, EV 105.0 MPH)
Batting: RHB Bill Crogan 0-0: Ball
1-0: Foul Ball, location: 2F
1-1: Called Strike
1-2: Ball
2-2: Foul Ball, location: 2F
2-2: Ball
3-2: SOLO HOME RUN (Flyball, 7D, EV 100.0 MPH), Distance : 370 ft
Batting: SHB Ernesto Mazas 0-0: Ball
1-0: SINGLE (Flyball, 4MD, EV 84.4 MPH)
Pitching: RHP Danny Diaz
Batting: RHB Eric Zylstra 0-0: Ball
Ernesto Mazas is caught stealing 2nd base 2-4
Bottom of the 6th over - 1 run, 2 hits, 0 errors, 0 left on base; Brockton 0 - New Jersey 5
TOP OF THE 7TH
Brockton Rox batting - Pitching for New Jersey Devils : RHP Dan Mathews
Batting: SHB Jose Santiago 0-0: Ground out 5-3 (Groundball, 56S, EV 93.1 MPH)
Batting: RHB Kirk Cully 0-0: Ball
1-0: Ball
2-0: Called Strike
2-1: SINGLE (Line Drive, 5D, EV 98.8 MPH)
Batting: SHB Arihito Hiramoto 0-0: Called Strike
0-1: Ball
1-1: Ball
2-1: Ball
3-1: Foul Ball, location: 2F
3-2: Fly out, F8 (Flyball, 8LS, EV 85.0 MPH)
Batting: SHB Matsudaira Ikeda 0-0: Ball
1-0: Ball
2-0: Called Strike
2-1: Swinging Strike
2-2: Strikes out looking
Top of the 7th over - 0 runs, 1 hit, 0 errors, 1 left on base; Brockton 0 - New Jersey 5
BOTTOM OF THE 7TH
New Jersey Devils batting - Pitching for Brockton Rox : RHP Danny Diaz
Batting: RHB Eric Zylstra 0-0: Called Strike
0-1: Ground out 5-3 (Groundball, 56, EV 90.0 MPH)
Batting: RHB Carlos Saldivar 0-0: Ball
1-0: Ball
2-0: Called Strike
2-1: Ball
3-1: Foul Ball, location: 2F
3-2: Strikes out swinging
Batting: SHB Tyler Maddux 0-0: Ball
1-0: Fly out, F9 (Line Drive, 89M, EV 105.6 MPH)
Bottom of the 7th over - 0 runs, 0 hits, 0 errors, 0 left on base; Brockton 0 - New Jersey 5
TOP OF THE 8TH
Brockton Rox batting - Pitching for New Jersey Devils : RHP Dan Mathews
Pinch Hitting: RHB Felix Rangel 0-0: Fly out, F9 (Flyball, 9, EV 84.4 MPH)
Batting: RHB Panam Palmer 0-0: Called Strike
0-1: Ball
1-1: SINGLE (Groundball, 56D, EV 96.2 MPH)
Batting: SHB Mel Gonzalez 0-0: Ball
1-0: Ball
2-0: Grounds into double play, 5-4-3 (Groundball, 56, EV 83.1 MPH)
Top of the 8th over - 0 runs, 1 hit, 0 errors, 0 left on base; Brockton 0 - New Jersey 5
BOTTOM OF THE 8TH
New Jersey Devils batting - Pitching for Brockton Rox : RHP Danny Diaz
Now at 1B: Felix Rangel
Batting: LHB Randolph Brodbeck 0-0: Ball
1-0: Foul Ball, location: 2F
1-1: Foul Ball, location: 2F
1-2: Foul Ball, location: 2F
1-2: Foul Ball, location: 2F
1-2: Ball
2-2: SINGLE (Groundball, 4MD, EV 106.9 MPH)
Batting: RHB Chris Artz 0-0: SINGLE (Groundball, 6D, EV 98.8 MPH)
Randolph Brodbeck to second
Batting: RHB Jim Freels 0-0: Foul Ball, location: 2F
0-1: Ball
1-1: Ball
2-1: Ball
3-1: Called Strike
3-2: SINGLE (Line Drive, 4MD, EV 96.2 MPH)
Randolph Brodbeck to third
Chris Artz to second
Batting: RHB Craig Alvarado 0-0: Foul Ball, location: 2F
0-1: Fly out, F9 (Line Drive, 89M, EV 91.9 MPH)
Runner from 3rd tags up, SCORES, no throw by RF
Batting: RHB Bill Crogan 0-0: Ball
1-0: Swinging Strike
1-1: Foul Ball, location: 2F
1-2: Ball
2-2: Ball
3-2: Base on Balls
Chris Artz to third
Jim Freels to second
Batting: SHB Ernesto Mazas 0-0: Ball
Wild Pitch!
Chris Artz scores
Jim Freels to third
Bill Crogan to second
1-0: Ball
2-0: SINGLE (Groundball, 34D, EV 115.0 MPH)
Jim Freels scores
Bill Crogan to third
Batting: RHB Eric Zylstra 0-0: Ball
1-0: Foul Ball, location: 2F
1-1: Ball
2-1: Fly out, F4 (Popup, 34, EV 62.5 MPH)
Batting: RHB Carlos Saldivar 0-0: Fly out, F8 (Flyball, 8RS, EV 88.8 MPH)
Bottom of the 8th over - 3 runs, 4 hits, 0 errors, 2 left on base; Brockton 0 - New Jersey 8
TOP OF THE 9TH
Brockton Rox batting - Pitching for New Jersey Devils : RHP Dan Mathews
Pinch Hitting: RHB Mo Tsang 0-0: Foul Ball, location: 2F
0-1: Ball
1-1: Swinging Strike
1-2: Ball
2-2: Strikes out swinging
Batting: LHB Kien-lung Zou 0-0: SINGLE (Groundball, 6MD, EV 96.9 MPH)
Pitching: LHP Bryce Anderson
Pinch Hitting: RHB Eric McClelland 0-0: Grounds into double play, 6-4-3 (Groundball, 6M, EV 91.9 MPH)
Top of the 9th over - 0 runs, 1 hit, 0 errors, 0 left on base; Brockton 0 - New Jersey 8
Thursday, December 15th , 2022 - OOTP Baseball 23.9 Build 102